 Dungeon Crawl Stone Soup version 0.26-a0-466-g989023bd0d (webtiles) character file.

Game seed: 3955257231800058939

1323 1player the Fighter (level 8, -1/54 HPs)
             Began as a Gargoyle Fighter on Aug 10, 2020.
             Was an Initiate of the Shining One.
             Slain by an orc
             ... wielding a +0 club
              (2 damage)
             ... on level 6 of the Dungeon.
             The game lasted 00:17:14 (5976 turns).

1player the Fighter (Gargoyle Fighter)              Turns: 5976, Time: 00:17:14

Health: -1/54      AC: 24    Str: 21    XL:     8   Next: 59%
Magic:  8/8        EV:  7    Int: 10    God:    the Shining One [......]
Gold:   338        SH:  9    Dex:  9    Spells: 7/7 levels left

rFire    . . .     SeeInvis .   D - +2 mace (protect)
rCold    . . .     Faith    .   c - +0 kite shield
rNeg     + . .     Spirit   .   b - +0 scale mail
rPois    ∞         Reflect  .   (no helmet)
rElec    +         Harm     .   j - +2 cloak
rCorr    .                      (no gloves)
MR       .....                  C - +0 pair of boots
Stlth    ..........             (no amulet)
HPRegen  0.18/turn              (no ring)
MPRegen  0.11/turn              (no ring)

@: protection aura, glowing
A: negative energy resistance 1, electricity resistance, unbreathing,
petrification resistance, rot immunity, AC +5
a: Renounce Religion


You were on level 6 of the Dungeon.
You worshipped the Shining One.
The Shining One was noncommittal.
You visited 2 branches of the dungeon, and saw 7 of its levels.

You collected 338 gold pieces.

Inventory:

Hand Weapons
 D - a +2 mace of protection (weapon)
Armour
 b - a +0 scale mail (worn)
 c - a +0 kite shield (worn)
 j - a +2 cloak (worn)
 C - a +0 pair of boots (worn)
Jewellery
 e - an uncursed amulet of faith
 y - an uncursed ring of fire
Scrolls
 f - 3 scrolls of teleportation
 g - 2 scrolls of blinking
 i - a scroll of amnesia
 m - a scroll of fog {unknown}
 n - a scroll of random uselessness {unknown}
 w - a scroll of magic mapping {unknown}
 z - a scroll of immolation {unknown}
 B - a scroll of remove curse {@r2}
 F - a scroll of enchant armour {unknown}
 G - a scroll of identify {@r1}
Potions
 h - 3 potions of curing {@q1}
 o - a potion of berserk rage {unknown}
 p - a potion of heal wounds {unknown}
 q - a potion of lignification
 s - 3 potions of mutation {!q}
 A - a potion of flight {unknown}
 E - a potion of brilliance


   Skills:
 - Level 8.0 Fighting
 + Level 6.5 Maces & Flails
 - Level 6.0 Armour
 - Level 3.2 Shields


You had 7 spell levels left.
You didn't know any spells.
Your spell library was empty.

Dungeon Overview and Level Annotations

Branches:
Dungeon (6/15)             Temple (1/1) D:4

Altars:
Ashenzari
Dithmenos
Elyvilon
Fedhas
Hepliaklqana
Kikubaaqudgha
Makhleb
Nemelex Xobeh
Okawaru
Qazlal
Ru
Sif Muna
Trog
Uskayaw
Vehumet
Wu Jian
Xom
Yredelemnul
Zin
The Shining One

Annotations:
D:6 Maggie


Innate Abilities, Weirdness & Mutations

You are resistant to torment.
Your stone body is resilient. (AC +5)
You are immune to poison.
You resist negative energy. (rN+)
You are resistant to electric shocks. (rElec)
You can survive without breathing.
You are immune to petrification.
You are immune to rotting.


Message History

You block the orc's attack. x2; The orc priest hits you.
* * * LOW HITPOINT WARNING * * *
You barely miss Maggie.
Maggie is severely wounded.
The orc priest shouts!
The orc wizard gestures at you while chanting.
The magic dart hits you.
* * * LOW HITPOINT WARNING * * *
Maggie casts a spell at you.
The bolt of fire hits you but does no damage.
The orc priest casts a cantrip, but nothing happens.
You block the orc's attack. The orc barely misses you.
You block the orc wizard's attack. The orc priest barely misses you.
You hit Maggie but do no damage.
Maggie is severely wounded.
You break out of your daze.
The orc wizard hits you but does no damage.
Maggie casts a spell.
Maggie attempts to bespell you! You resist. The orc hits you with a +0 club.
You die...

............._..#...@.#
.(..............#.....# ..
................#.....#...
........##......#.....#...
(.......#####.#+#.....'.
.......<#.......#.....###########
........#.......#................
........#.......oo...............
........'.o.)...@@...............
........#.......oo...............
........#.......#................
........#...<.).#................
.......#.......#................
.....o.#.......#................
.......#.......#................
..o..o.#.......#######.....#####
#.......#.....#.....#


You could see Maggie, 2 orc priests, an orc wizard (fast) and 2 orcs.

Vanquished Creatures
  Sigmund (D:2)
  Duvessa (D:6)
  An ice beast (D:5)
  An ogre (D:6)
  A centaur (D:5)
  Dowan (D:5)
  2 scorpions
  A howler monkey (D:4)
  A hound (D:5)
  A jelly (D:5)
  5 orc wizards
  A bullfrog skeleton (D:4)
  Jessica (D:2)
  3 worker ants
  A killer bee zombie (D:6)
  14 adders
  A gnoll (D:1)
  A shadow imp (D:4)
  A white imp (D:5)
  An ufetubus (D:5)
  An adder skeleton (D:4)
  3 worms
  3 dart slugs (D:1)
  3 leopard geckos
  15 orcs
  6 bats
  5 giant cockroaches
  5 goblins
  9 hobgoblins
  6 jackals
  6 kobolds
  A quokka (D:3)
  A ball python (D:3)
  6 frilled lizards
  A quokka zombie (D:2)
  5 rats
116 creatures vanquished.

Vanquished Creatures (others)
  An orc wizard (D:6)
  4 jackals (D:4)
5 creatures vanquished.

Grand Total: 121 creatures vanquished

Notes
Turn   | Place    | Note
-------+----------+-------------------------------------------
     0 | D:1      | 1player the Gargoyle Fighter began the quest for the Orb.
     0 | D:1      | Reached XP level 1. HP: 14/14 MP: 1/1
    43 | D:1      | Reached XP level 2. HP: 18/20 MP: 2/2
    44 | D:1      | Reached skill level 4 in Fighting
   308 | D:1      | Reached XP level 3. HP: 24/24 MP: 3/3
   504 | D:1      | Reached skill level 5 in Fighting
   571 | D:2      | Noticed Jessica
   587 | D:1      | Reached XP level 4. HP: 28/31 MP: 4/4
   676 | D:1      | Reached skill level 6 in Fighting
   676 | D:1      | Reached XP level 5. HP: 33/36 MP: 5/5
   816 | D:2      | Noticed Sigmund
   829 | D:2      | Killed Sigmund
   829 | D:2      | Reached skill level 5 in Armour
   829 | D:2      | Reached XP level 6. HP: 33/41 MP: 6/6
  1001 | D:2      | Killed Jessica
  2394 | D:4      | Found a shadowy altar of Dithmenos.
  2397 | D:4      | Found a shimmering altar of Xom.
  2400 | D:4      | Found a hide-covered altar of Uskayaw.
  2422 | D:4      | Found a shimmering blue altar of Sif Muna.
  2602 | D:4      | Found a white marble altar of Elyvilon.
  2613 | D:4      | Reached XP level 7. HP: 47/47 MP: 7/7
  2688 | D:4      | Found a hazy altar of Hepliaklqana.
  2762 | D:4      | Found a sacrificial altar of Ru.
  2895 | D:4      | Reached skill level 7 in Fighting
  3058 | D:4      | Found a staircase to the Ecumenical Temple.
  3067 | Temple   | Entered the Ecumenical Temple
  3185 | Temple   | Became a worshipper of the Shining One
  3422 | D:5      | Entered Level 5 of the Dungeon
  3453 | D:4      | HP: 2/48 [ogre/+0 giant club (19)]
  4258 | D:5      | Reached skill level 8 in Fighting
  4398 | D:5      | Reached XP level 8. HP: 40/54 MP: 8/8
  4910 | D:6      | Found a sparkling altar of Nemelex Xobeh.
  4922 | D:6      | Identified the cursed +0 leather armour of Segurur {-Tele
                  | Int+3 Dex+4}
  5075 | D:6      | Noticed Duvessa
  5097 | D:6      | Killed Duvessa
  5097 | D:6      | Reached skill level 5 in Maces & Flails
  5097 | D:6      | Noticed Dowan
  5113 | D:5      | Killed Dowan
  5319 | D:6      | Noticed Maggie
  5660 | D:6      | Found a sacrificial altar of Ru.
  5975 | D:6      | HP: 1/54 [orc wizard/magic dart (4)]
  5976 | D:6      | Slain by an orc

Illustrated notes

Levels and vault maps discovered:
D:1:      dpeg_arrival_orchard, layout_basic
D:2:      layout_rooms, serial_glass, glass_columns_a, glass_columns_b,
          uniq_jessica, uniq_sigmund
D:3:      kennysheep_big_flooded_room, layout_basic, minmay_close_crescents
D:4:      minmay_skewed_foursquare, layout_basic, kennysheep_mini_moat,
          nicolae_overflow_crystal_walls, grunt_temple_overflow_cloverleaf,
          lemuel_temple_firewalk_a, corexii_leaking_fountain, elyvilon_altar_5
D:5:      layout_cave_pools
D:6:      layout_gridville, nemelex_xobeh_ov_fountains_minmay, basic_altar,
          uniq_edmund, uniq_maggie, uniq_duvessa
Temple:   dshaligram_water_room_temple

Skill      XL: |  1  2  3  4  5  6  7  8 |
---------------+-------------------------+-----
Fighting       | 4 5 6 8 |  8.0
Armour         | 5 6 |  6.0
Maces & Flails | 3 6 |  6.5
Shields        | |  3.2

Action                   |  1- 3 |  4- 6 |  7- 9 || total
-------------------------+-------+-------+-------++-------
Melee: Flail             |   127 |    96 |       ||   223
       Mace              |       |   118 |   282 ||   400
  Use: Scroll            |       |     7 |     4 ||    11
       Potion            |       |     1 |     3 ||     4
Armor: Scale mail        |    89 |   122 |   170 ||   381
       Skin              |       |       |    29 ||    29
Dodge: Dodged            |    40 |    68 |    95 ||   203
Block: Kite shield       |    78 |   108 |   153 ||   339

Table legend: (Time is in decaauts)
 A = Elapsed time spent in this place.
 B = Non-inter-level travel time spent in this place.
 C = Inter-level travel time spent in this place.
 D = Time resting spent in this place.
 E = Time spent auto-exploring this place.
 F = Levels seen in this place.
 G = Mean time per level.
                   A        B        C        D        E       F      G
               +--------+--------+--------+--------+--------+-----+--------+
         Total |   6189 |   5767 |    422 |   1504 |   2199 |   7 |  884.1 |
       Dungeon |   6049 |   5642 |    407 |   1504 |   2090 |   6 | 1008.2 |
        Temple |    139 |    124 |     15 |      0 |    109 |   1 |  139.0 |
               +--------+--------+--------+--------+--------+-----+--------+

Top non-repeatable levels by time:
     D:4: 1431 daAuts
     D:3: 1430 daAuts
     D:5: 1242 daAuts
     D:1: 812 daAuts
     D:6: 608 daAuts
     D:2: 524 daAuts
  Temple: 139 daAuts
